 Dungeon Crawl Stone Soup version 0.29.0-7-g18a832c13a (webtiles) character file.

Game seed: 13422029719968914979

312 SensoryNuts the Slasher (level 6, 0/47 HPs)
             Began as a Vampire Fighter on Aug 30, 2022.
             Succumbed to a scorpion's poison
             ... on level 4 of the Dungeon.
             The game lasted 00:03:35 (2632 turns).

SensoryNuts the Slasher (Vampire Fighter)           Turns: 2632, Time: 00:03:35

Health: 0/47       AC:  9    Str: 15    XL:     6   Next: 18%
Magic:  6/6        EV:  9    Int: 10    God:
Gold:   192        SH:  5    Dex: 16    Spells: 5/5 levels left

rFire   . . .      SeeInvis +   a - +0 long sword
rCold   . . .      Faith    .   c - +0 buckler
rNeg    . . .      Spirit   .   b - +0 scale mail
rPois   .          Reflect  .   (no helmet)
rElec   .          Harm     .   n - +1 cloak
rCorr   .          Rampage  .   (no gloves)
Will    .....                   (no boots)
Stlth   ..........              (no amulet)
HPRegen 0.35/turn               (no ring)
MPRegen 0.10/turn               (no ring)

@: lethally poisoned (0 -> -13), healing quickly
A: alive, fangs 3, see invisible, vampiric 2
a: Exsanguinate


You were on level 4 of the Dungeon.
You visited 1 branch of the dungeon, and saw 4 of its levels.

You collected 192 gold pieces.

Inventory:

Hand Weapons
 a - a +0 long sword (weapon)
Armour
 b - a +0 scale mail (worn)
 c - a +0 buckler (worn)
 n - a +1 cloak (worn)
Jewellery
 j - a ring of protection from fire
Scrolls
 e - 2 scrolls of teleportation {unknown}
 g - a scroll of identify {unknown}
 h - a scroll of enchant weapon {unknown}
 i - 2 scrolls of poison {unknown}
 k - 2 scrolls of immolation {unknown}
 o - 2 scrolls of blinking {unknown}
 p - a scroll of butterflies {unknown}
 r - a scroll of silence {unknown}
Potions
 d - a potion of might
 f - a potion of curing {unknown}
 l - 2 potions of magic {unknown}
 m - 2 potions of attraction {unknown}
 q - a potion of haste {unknown}
 s - a potion of heal wounds {unknown}


   Skills:
 + Level 3.2 Fighting
 * Level 4.9 Long Blades
 + Level 3.3 Armour
 + Level 1.7 Dodging
 + Level 3.2 Shields


You had 5 spell levels left.
You didn't know any spells.
Your spell library was empty.

Dungeon Overview and Level Annotations

Branches:
Dungeon (4/15)
 Temple: D:4-7

Altars:
Ashenzari
Dithmenos

Annotations:
D:3 3 runed translucent doors, BuzzyBeetle's ghost, amateur GnWn; PerfectTommy's ghost, amateur MiBe; SigmundSlayer's ghost, amateur GrFi; hgbash's ghost, amateur OpCj; xian's ghost, amateur DjFE


Innate Abilities, Weirdness & Mutations

Your natural rate of healing is accelerated.
You have razor-sharp teeth.
You have supernaturally acute eyesight. (SInv)
You are afflicted with vampirism and can become a bat while bloodless.


Message History

You are too injured to fight recklessly!
You are too injured to fight recklessly!
You are too injured to fight recklessly!
You are too injured to fight recklessly!
You are too injured to fight recklessly!
You are too injured to fight recklessly!
You are too injured to fight recklessly!
You are too injured to fight recklessly!
You are too injured to fight recklessly!
You are too injured to fight recklessly!
You are too injured to fight recklessly!
You are too injured to fight recklessly!
You are too injured to fight recklessly!
You are too injured to fight recklessly!
You are too injured to fight recklessly!
Unknown command.
Okay, then.
You hit the scorpion but do no damage.
The scorpion is severely wounded.
You feel sick. The scorpion stings you.
* * * LOW HITPOINT WARNING * * *
The scorpion stings you.
* * * LOW HITPOINT WARNING * * *
You barely miss the scorpion.
The scorpion is severely wounded.
You feel sick. The scorpion barely misses you.
You closely miss the scorpion.
The scorpion is severely wounded.
You feel sick.
The scorpion stings you but does no damage.
The scorpion barely misses you.
You closely miss the scorpion.
The scorpion is severely wounded.
You feel sick. The scorpion stings you.
* * * LOW HITPOINT WARNING * * *
You are lethally poisoned!
The scorpion poisons you!
You closely miss the scorpion.
The scorpion is severely wounded.
You die...

...#.# #.#.# ...#####
# #.#... .. #...# .#
#. #..<# .###
##...###..######.....
..................##
##...###.....@s....#
## ###.........#
#####.....# .....#
...#.# .>.....
####.## .#


You could see a scorpion.

Vanquished Creatures
  Sigmund (D:3)
  Jessica (D:3)
  Robin (D:3)
  5 adders
  2 dart slugs
  4 orcs (D:3)
  3 ball pythons (D:2)
  3 endoplasms
  2 giant cockroaches (D:1)
  10 goblins
  8 hobgoblins
  8 jackals (D:3)
  3 quokkas
  5 bats
  A frilled lizard (D:2)
  6 kobolds
  4 rats
67 creatures vanquished.

Notes
Turn   | Place    | Note
-------+----------+-------------------------------------------
     0 | D:1      | SensoryNuts the Vampire Fighter began the quest for the
                  | Orb.
     0 | D:1      | Reached XP level 1. HP: 17/17 MP: 1/1
   216 | D:1      | Reached XP level 2. HP: 19/23 MP: 2/2
   536 | D:1      | Found a faded altar of an unknown god.
  1246 | D:2      | Gained mutation: You are afflicted with vampirism and can
                  | become a bat while bloodless. [Vampire growth]
  1246 | D:2      | Reached XP level 3. HP: 27/28 MP: 3/3
  1287 | D:2      | Found a broken altar of Ashenzari.
  1406 | D:2      | Reached skill level 3 in Long Blades
  1784 | D:3      | Found a shadowy altar of Dithmenos.
  1829 | D:3      | Reached XP level 4. HP: 23/34 MP: 4/4
  1922 | D:3      | Noticed Sigmund
  1942 | D:3      | Killed Sigmund
  1943 | D:3      | Reached skill level 4 in Long Blades
  1943 | D:3      | Reached skill level 1 in Dodging
  1943 | D:3      | Reached XP level 5. HP: 40/41 MP: 5/5
  2070 | D:3      | Found Gunuon's Assorted Antiques.
  2216 | D:3      | Noticed Jessica
  2221 | D:3      | Noticed Robin
  2236 | D:3      | Killed Jessica
  2237 | D:3      | Reached XP level 6. HP: 45/47 MP: 6/6
  2240 | D:3      | Killed Robin
  2317 | D:3      | Found a runed translucent gate.
  2318 | D:3      | Found a runed translucent gate.
  2319 | D:3      | Found a runed translucent gate.
  2319 | D:3      | Noticed BuzzyBeetle's ghost (amateur GnWn)
  2319 | D:3      | Noticed hgbash's ghost (amateur OpCj)
  2320 | D:3      | Noticed SigmundSlayer's ghost (amateur GrFi)
  2320 | D:3      | Noticed PerfectTommy's ghost (amateur MiBe)
  2320 | D:3      | Noticed xian's ghost (amateur DjFE)
  2632 | D:4      | Succumbed to a scorpion's poison

Illustrated notes

Levels and vault maps discovered:
D:1:      dpeg_arrival_round_a, layout_basic, hellmonk_ecumenical_altar_zigzags,
          serial_bayou_pond_e, chequers_big_river
D:2:      layout_basic, basic_altar, kennysheep_generic_room_6
D:3:      minmay_door_path, layout_basic, overflow_temple_1_default,
          gammafunk_ghost_cemetery, serial_shops, nicolae_shop_trees,
          uniq_jessica, uniq_robin, uniq_sigmund
D:4:      layout_basic, serial_shops, nicolae_shop_hallway_plus

Skill      XL: |  1  2  3  4 |
---------------+-------------+-----
Long Blades    | 3 4 |  4.9
Shields        | 3 |  3.2
Fighting       | 3 |  3.2
Armour         | 3 |  3.3
Dodging        | 1 |  1.7

Action                   |  1- 3 |  4- 6 || total
-------------------------+-------+-------++-------
Melee: Long sword        |   135 |    95 ||   230
       Bite              |    12 |    15 ||    27
  Use: Potion            |       |     1 ||     1
Armor: Scale mail        |    83 |    50 ||   133
Dodge: Dodged            |    71 |    41 ||   112
Block: Buckler           |    38 |    23 ||    61
